AoeStats
← TheQuietRiot

Arena

510096660Analyzed
1v1 RM · 1d ago on Sep 29, 2026· 34m 22s· 2 players
Game mode
Random Map
Map size
Tiny (2 player)
Population
200
Speed
Normal
Resources
Standard
Victory
Conquest
Starting age
Dark Age
Ending age
Imperial Age
RankedLock teamsTeams togetherTeam positionsShared explorationLock speedFull tech treeHidden civsTurbo modeCheats
Victory
Defeat
🇬🇧 Saxons · United Kingdom
941
+17
🇩🇪 Britons · Germany
964
-17
TheQuietRiot
9:06 Feudal Age
7:59 Loom
10:01 Double-Bit Axe
15:44 Castle Age
14:05 Horse Collar
19:54 Heavy Plow
23:26 Wheelbarrow
23:12 Gold Mining
23:29 Stone Mining
25:17 Scale Mail Armor
26:20 Bow Saw
26:45 Forging
28:41 Squires
28:27 Gambesons
29:56 Hand Cart
30:02 Chain Mail Armor
33:00 Iron Casting
34:57 Imperial Age
32:16 Town Watch
32:58 Arson
33:08 Fletching
33:19 Padded Archer Armor
35:02 Town Patrol
Dragon
10:36 Feudal Age
11:54 Horse Collar
11:59 Double-Bit Axe
12:37 Gold Mining
18:08 Castle Age
16:42 Fletching
17:17 Stone Mining
19:45 Gold Shaft Mining
19:21 Bow Saw
19:17 Heavy Plow
20:31 Crossbowman
21:12 Fletching
21:22 Loom
22:34 Pikeman
27:26 Wheelbarrow
33:32 Imperial Age
31:24 Hand Cart
31:53 Husbandry
33:25 Guard Tower
33:46 Masonry
34:05 Bodkin Arrow
34:21 Forging
34:17 Scale Barding Armor
34:05 Cavalier
Connection lost

Rejoining the realm…

Still unreachable

The connection could not be restored.

Session expired

The server has moved on; the page needs a fresh start.